 Dungeon Crawl Stone Soup version 0.22.0-34-g4f65f92 (webtiles) character file.

197 Faca the Poker (level 5, -1/43 HPs)
             Began as a Merfolk Gladiator on Aug 23, 2018.
             Was a Believer of Elyvilon.
             Killed from afar by an orc wizard (5 damage)
             ... with a puff of frost
             ... on level 4 of the Dungeon.
             The game lasted 00:06:31 (3672 turns).

Faca the Poker (Merfolk Gladiator)                  Turns: 3672, Time: 00:06:32

Health: -1/43      AC:  4    Str: 14    XL:     5   Next: 75%
Magic:  5/5        EV: 11    Int:  7    God:    Elyvilon [**....]
Gold:   175        SH:  0    Dex: 17    Spells: 4/4 levels left

rFire    . . .     SeeInvis .   a - +0 trident
rCold    . . .     Gourm    .   (no shield)
rNeg     . . .     Faith    .   b - +0 leather armour
rPois    .         Spirit   .   c - +0 helmet
rElec    .         Reflect  .   (no cloak)
rCorr    .         Harm     .   (no gloves)
MR       .....                  (no boots)
Stlth    +.........             (no amulet)
HPRegen  0.14/turn              (no ring)
MPRegen  0.09/turn              (no ring)

@: very heavily drained
A: change form in water, swift swim, stealthy swim
a: Lesser Healing, Heal Other, Divine Protection, Renounce Religion


You were on level 4 of the Dungeon.
You worshipped Elyvilon.
Elyvilon was pleased with you.
You were not hungry.

You visited 1 branch of the dungeon, and saw 4 of its levels.
You also visited: Sewer.

You collected 175 gold pieces.

Inventory:

Hand Weapons
 a - a +0 trident (weapon)
Missiles
 d - 4 throwing nets (quivered)
 r - 3 tomahawks
Armour
 b - a +0 leather armour (worn)
 c - a +0 helmet (worn)
Scrolls
 k - a scroll of blinking {unknown}
 m - 8 scrolls of teleportation {unknown}
 n - a scroll of amnesia {unknown}
 o - 2 scrolls of fear {unknown}
 p - a scroll of random uselessness {unknown}
 q - a scroll of vulnerability {unknown}
 v - a scroll of identify {unknown}
Potions
 e - a potion of berserk rage {unknown}
 g - 4 potions of flight {unknown}
 h - a potion of magic {unknown}
 i - a potion of mutation {unknown}
 j - 2 potions of might {unknown}
 l - 2 potions of degeneration {unknown}
 s - a potion of haste {unknown}
 t - a potion of ambrosia {unknown}
 u - a potion of curing {unknown}
Comestibles
 f - a ration


   Skills:
 + Level 4.7(1.4) Fighting
 + Level 7.1(3.5) Polearms
 - Level 2.0(0.0) Throwing
 - Level 4.0(0.7) Dodging


You had 4 spell levels left.
You didn't know any spells.
Your spell library was empty.

Dungeon Overview and Level Annotations

Branches:
Dungeon (4/15)
 Temple: D:4-7

Altars:
Elyvilon
Hepliaklqana


Message History

* * * LOW HITPOINT WARNING * * *
The orc hits you with a war axe.
* * * LOW HITPOINT WARNING * * *
Something hits you.
* * * LOW HITPOINT WARNING * * *
You feel drained.
You miss something. Something hits you but does no damage.
You feel drained. The orc misses you.
You miss something.
You hear some strange, mumbled words.
A puff of flame appears from out of thin air!
The puff of flame hits you!
* * * LOW HITPOINT WARNING * * *
The orc barely misses you. Something hits you but does no damage.
You feel drained.
You hit something.
You hear some strange, mumbled words.
A puff of frost appears from out of thin air!
The puff of frost hits you!
You die...

### ###.# #.#.##
#.#..## ### #
##.#...####.# ##.##
#..........##
#...o####...######..#
#{@....### ##.##
###...## #..# ##..#
#..) ##.# ##.. #.#
#..# #.# #.## ...
...) ... ......# ....
.........


You could see an orc.

Vanquished Creatures
  2 worker ants
  2 adders (D:3)
  5 oozes
  4 worms (Sewer)
  2 dart slugs
  3 leopard geckos
  5 orcs
  A ball python (Sewer)
  5 giant cockroaches
  6 goblins
  5 hobgoblins
  11 jackals
  A quokka (D:4)
  13 bats
  10 frilled lizards
  6 kobolds
  5 rats
86 creatures vanquished.

Notes
Turn   | Place    | Note
-------+----------+-------------------------------------------
     0 | D:1      | Faca the Merfolk Gladiator began the quest for the Orb.
     0 | D:1      | Reached XP level 1. HP: 16/16 MP: 1/1
    71 | D:1      | Reached XP level 2. HP: 22/23 MP: 2/2
   122 | D:1      | Reached skill level 5 in Polearms
   494 | D:2      | Reached XP level 3. HP: 29/29 MP: 3/3
  1069 | D:2      | Found a faded altar of an unknown god.
  1071 | D:2      | Became a worshipper of Elyvilon the Healer
  1071 | D:2      | Reached * piety under Elyvilon
  1234 | D:3      | Found a glowing drain.
  1249 | Sewer    | Entered a sewer
  1444 | Sewer    | Reached XP level 4. HP: 24/36 MP: 4/4
  1702 | Sewer    | Reached skill level 6 in Polearms
  2293 | D:3      | Reached XP level 5. HP: 19/42 MP: 5/5
  2647 | D:3      | Reached ** piety under Elyvilon
  2757 | D:3      | Found a hazy altar of Hepliaklqana.
  3323 | D:4      | Reached skill level 7 in Polearms
  3672 | D:4      | Killed from afar by an orc wizard

Skill      XL: |  1  2  3  4  5 |
---------------+----------------+-----
Polearms       | 5 6 7 |  7.1
Fighting       | 3 4 |  4.7
Throwing       | |  2.0
Dodging        | |  4.0

Action                   |  1- 3 |  4- 6 || total
-------------------------+-------+-------++-------
Melee: Trident           |   110 |   159 ||   269
       Tailslap          |     4 |     1 ||     5
 Stab: Sleeping          |     6 |     4 ||    10
  Eat: Ration            |     1 |     1 ||     2
       Chunk             |       |     3 ||     3
Armor: Leather armour    |    16 |    45 ||    61
Dodge: Dodged            |    38 |    96 ||   134
